 Dungeon Crawl Stone Soup version 0.20.1-1-g8b1a95d (webtiles) character file.

591 grizmgrazm2 the Vexing (level 7, -6/41 HPs)
             Began as a Vampire Enchanter on Sept 21, 2017.
             Was a Believer of Hepliaklqana.
             Mangled by a wyvern (15 damage)
             ... on level 5 of the Dungeon.
             The game lasted 00:15:35 (5267 turns).

grizmgrazm2 the Vexing (Vampire Enchanter)          Turns: 5267, Time: 00:15:36

Health: -6/41      AC: 11    Str:  7    XL:     7   Next: 16%
Magic:  2/12       EV:  7    Int: 19    God:    Hepliaklqana [**....]
Gold:   209        SH:  3    Dex: 15    Spells: 7/13 levels left

rFire    . . .     SeeInvis +   e - +2 dagger (drain)
rCold    + + .     Gourm    .   (no shield)
rNeg     + + +     Faith    .   n - +0 pearl dragon scales
rPois    +         Spirit   .   (no helmet)
rElec    .         Reflect  +   (no cloak)
rCorr    .         Harm     .   (no gloves)
MR       .....     Rnd*Tele +   (no boots)
Stlth    +++.......             m - +3 amulet of reflection
Regen    0.1/turn               i - ring of protection from cold
MPRegen  0.2/turn               o - ring of teleportation (curse)

@: very slightly contaminated, regenerating slowly
A: reduced essence, fangs 3, see invisible, unbreathing
a: Bat Form, Recall Ancestor, Ancestor Identity, Renounce Religion


You were on level 5 of the Dungeon.
You worshipped Hepliaklqana.
Hepliaklqana was pleased with you.
You were very thirsty.

You visited 1 branch of the dungeon, and saw 5 of its levels.

You collected 209 gold pieces.

Inventory:

Hand Weapons
 a - a +1 dagger
 e - a +2 dagger of draining (weapon)
Armour
 b - a +0 robe
 n - +0 pearl dragon scales (worn)
Jewellery
 i - a ring of protection from cold (left hand)
 m - a +3 amulet of reflection (around neck)
 o - a cursed ring of teleportation (right hand)
Wands
 f - a wand of flame (11/48)
Scrolls
 g - a scroll of amnesia {unknown}
 l - a scroll of fog
 q - a scroll of teleportation
 r - a scroll of identify
 s - a scroll of immolation {unknown}
Potions
 d - 4 potions of blood
 h - 2 potions of brilliance
 j - a potion of ambrosia {unknown}
 k - 2 potions of heal wounds {unknown}
 p - a potion of might {unknown}
Books
 c - a book of Maledictions

   Spells                             Type                      Level
   a - Corona                         Hexes                        1
   b - Ensorcelled Hibernation        Hexes/Ice                    2
   c - Confuse                        Hexes                        3
   d - Tukima's Dance                 Hexes                        3
   e - Dazzling Spray                 Conjuration/Hexes            3


   Skills:
 - Level 1.1 Short Blades
 * Level 3.0 Armour
 - Level 2.1 Dodging
 + Level 6.5 Stealth
 + Level 3.6 Spellcasting
 + Level 6.6 Hexes
 + Level 2.8 Ice Magic


You had 7 spell levels left.
You knew the following spells:

 Your Spells              Type           Power        Failure   Level  Hunger
a - Ensorcelled Hibernat  Hex/Ice        ###...       50%         2    ##.....
b - Confuse               Hex            ####....     45%         3    ###....
c - Corona                Hex            ####...      17%         1    None


Dungeon Overview and Level Annotations

Branches:
Dungeon (5/15)             Temple (0/1) D:5

Altars:
Ashenzari
Fedhas
Hepliaklqana
Kikubaaqudgha
Makhleb
Okawaru
Trog
Vehumet
Zin


Innate Abilities, Weirdness & Mutations

You heal slowly.
You have razor-sharp teeth.
You have supernaturally acute eyesight. (SInv)
You can survive without breathing.
Your life essence is reduced to manifest your ancestor. (-10% HP)


Message History

The wyvern bites you!
You closely miss the wyvern.
The wyvern is severely wounded.
The wyvern bites you.
You hit the wyvern but do no damage.
The wyvern is severely wounded.
The wyvern barely misses you. x2
Casting: Confuse
Confirm with . or Enter, or press ? or * to list all spells.
Aiming: Confuse
Press: ? - help, Shift-Dir - straight line, f/p - wyvern
Aim: a wyvern (severely wounded, chance to defeat MR: 57%)
The wyvern resists with significant effort.
The wyvern bites you but does no damage.
Yummy - fresh blood!
You are feeling very thirsty.
The wyvern bites you!
* * * LOW HITPOINT WARNING * * *
The wyvern bites you!
You die...

#........#....#....###.##.###.#.#
#........'....##.####...####..#.#
#........#....##.###..#R.###....#
#>............##.##..###.##....##
#........#....##.....##...####.#.
#...................###....# #.#.
#........#..........# ##._.# #.#.
#..................## ##∩## #.#.
#.............##@### ### #.#.
########......##l# #.#.
.......###.# #.#. ....... #.#
#.#. ...[.. ... #... ..... ###.
##..... #. ....... ## #.......


You could see a wyvern.

Vanquished Creatures
  An ice beast (D:4)
  A bullfrog (D:2)
  A howler monkey (D:5)
  2 hounds
  2 centaur skeletons (D:4)
  An orc priest (D:5)
  An iguana (D:4)
  2 worker ants (D:4)
  2 adders (D:3)
  3 worms
  4 dart slugs
  3 leopard geckos
  3 orcs
  2 ball pythons (D:1)
  7 bats
  2 giant cockroaches
  5 goblins
  4 hobgoblins
  3 jackals
  7 kobolds
  4 frilled lizards
  A quokka zombie (D:5)
  10 rats
71 creatures vanquished.

Vanquished Creatures (collateral kills)
  A crimson imp (D:5)
  An adder (D:3)
  A shadow imp (D:5)
  An ooze (D:4)
  A leopard gecko (D:4)
  3 orcs
  2 giant cockroaches
  A hobgoblin (D:3)
  3 jackals
  A quokka (D:3)
15 creatures vanquished.

Vanquished Creatures (others)
  A battlemage (D:5)
  2 ancestors
3 creatures vanquished.

Grand Total: 89 creatures vanquished

Notes
Turn   | Place    | Note
-------+----------+-------------------------------------------
     0 | D:1      | grizmgrazm2 the Vampire Enchanter began the quest for the Orb.
     0 | D:1      | Reached XP level 1. HP: 13/13 MP: 3/3
   103 | D:1      | Reached XP level 2. HP: 16/19 MP: 3/5
   121 | D:1      | Learned a level 2 spell: Ensorcelled Hibernation
   600 | D:1      | Reached skill level 5 in Stealth
  1007 | D:2      | Reached skill level 5 in Hexes
  1153 | D:2      | Reached XP level 3. HP: 23/24 MP: 1/6
  1158 | D:2      | Learned a level 3 spell: Confuse
  2388 | D:3      | Found a blossoming altar of Fedhas.
  2409 | D:3      | Reached skill level 1 in Ice Magic
  2409 | D:3      | Reached XP level 4. HP: 13/30 MP: 2/8
  2524 | D:3      | Found a hazy altar of Hepliaklqana.
  2527 | D:3      | Became a worshipper of Hepliaklqana the Forgotten
  3142 | D:3      | Found a faded altar of an unknown god.
  3259 | D:3      | Noticed a bullfrog
  3309 | D:2      | Killed a bullfrog
  3309 | D:2      | Reached skill level 1 in Armour
  3309 | D:2      | Reached XP level 5. HP: 27/31 MP: 3/9
  3430 | D:4      | Reached * piety under Hepliaklqana
  3634 | D:4      | Found a radiant altar of Vehumet.
  3792 | D:4      | Reached XP level 6. HP: 34/36 MP: 10/10
  3808 | D:4      | Found a glowing silver altar of Zin.
  4152 | D:4      | Found a shattered altar of Ashenzari.
  4182 | D:4      | Noticed an ice beast
  4197 | D:4      | Killed an ice beast
  4270 | D:5      | Entered Level 5 of the Dungeon
  4919 | D:5      | Reached XP level 7. HP: 41/41 MP: 9/12
  4978 | D:5      | Reached ** piety under Hepliaklqana
  4979 | D:5      | Remembered your ancestor Amnanu as a battlemage
  5016 | D:5      | Found an ancient bone altar of Kikubaaqudgha.
  5019 | D:5      | Found a bloodstained altar of Trog.
  5022 | D:5      | Found an iron altar of Okawaru.
  5108 | D:5      | Found a staircase to the Ecumenical Temple.
  5232 | D:5      | Found a burning altar of Makhleb.
  5250 | D:5      | Noticed a wyvern
  5267 | D:5      | Mangled by a wyvern

Skill      XL: |  1  2  3  4  5  6  7 |
---------------+----------------------+-----
Stealth        | 5 6 |  6.5
Hexes          | 5 6 |  6.6
Ice Magic      | 1 2 |  2.8
Armour         | 1 2 3 |  3.0
Spellcasting   | 3 |  3.6
Short Blades   | |  1.1
Dodging        | |  2.1

Action                   |  1- 3 |  4- 6 |  7- 9 || total
-------------------------+-------+-------+-------++-------
Melee: Dagger            |    88 |    93 |    10 ||   191
       Bite              |    10 |     9 |       ||    19
 Cast: Corona            |     3 |       |       ||     3
       Ensorcelled Hiber |    28 |    15 |     1 ||    44
       Confuse           |       |     3 |     1 ||     4
Invok: Ancestor Life: Ba |       |       |     1 ||     1
 Abil: End Transformatio |       |     1 |       ||     1
       Bat Form          |       |     1 |       ||     1
  Use: Scroll            |     7 |     4 |       ||    11
       Potion            |     4 |     3 |     1 ||     8
 Stab: Sleeping          |    21 |    13 |     1 ||    35
       Confused          |       |     2 |       ||     2
Armor: Robe              |    13 |       |       ||    13
       Pearl dragon scal |       |    44 |     8 ||    52
Dodge: Dodged            |    47 |    40 |     8 ||    95
Block: Other             |     3 |    17 |     1 ||    21
